 Dungeon Crawl Stone Soup version 0.26-a0-651-gb41185065b (webtiles) character file.

Game seed: 11317091075803593104

149595 Tenar the Destroyer (level 16, -8/122 HPs)
             Began as a Demonspawn Conjurer on Oct 8, 2020.
             Was an Initiate of Gozag.
             Killed from afar by a deep elf knight (26 damage)
             ... with a shard of ice
             ... on level 2 of the Elven Halls on Oct 9, 2020.
             The game lasted 01:45:27 (44105 turns).

Tenar the Destroyer (Demonspawn Conjurer)          Turns: 44105, Time: 01:45:27

Health: -8/122     AC: 13    Str:  8    XL:     16   Next: 96%
Magic:  1/33       EV: 20    Int: 29    God:    Gozag
Gold:   1989       SH: 16    Dex: 13    Spells: 24/42 levels left

rFire    + + .     SeeInvis +   a - staff of conjuration
rCold    + + .     Faith    .   j - +0 buckler of Viyrep {Int+4}
rNeg     . . .     Spirit   .   p - +2 robe {rC+ rF+}
rPois    +         Reflect  +   G - +2 helmet {SInv}
rElec    .         Harm     .   F - +2 cloak {rC+}
rCorr    .         Rampage  .   L - +0 pair of gloves
MR       ++...                  (boots unavailable)
Stlth    +.........             z - amulet "Puipsuh" {Reflect rF+ SH+5}
HPRegen  0.30/turn              y - ring of protection from magic
MPRegen  0.23/turn              E - +4 ring of evasion

@: gold aura
A: hooves 3, large bone plates 2, foul stench 1, poison resistance, powered by
death 2, rot immunity, MP-powered wands
a: Potion Petition, Call Merchant, Bribe Branch, Renounce Religion


You were on level 2 of the Elven Halls.
You worshipped Gozag.
Gozag was most pleased with you.
You visited 5 branches of the dungeon, and saw 26 of its levels.
You also visited: Bailey, Ice Cave and Wizlab.

You collected 9170 gold pieces.
You spent 2236 gold pieces at shops.
You paid 4945 gold pieces to Gozag.

Inventory:

Missiles
 e - a throwing net (quivered)
Armour
 j - the +0 buckler of Viyrep (worn) {Int+4}
   (You found it on level 11 of the Dungeon)

   It affects your intelligence (+4).
 p - a +2 robe of resistance (worn)
 q - the +1 leather armour of Puqam {+Fly rCorr Str+3 Dex-2}
   (You found it on level 1 of the Elven Halls)

   It affects your strength (+3).
   It affects your dexterity (-2).
   It lets you fly.
   It provides partial protection from all sources of acid and corrosion.
 F - a +2 cloak of cold resistance (worn)
 G - a +2 helmet of see invisible (worn)
 J - a +2 robe of magic resistance
 K - the +2 cloak "Moife" {SInv, unknown}
   (You found it in a wizard's laboratory)

   It lets you see invisible.
 L - a +0 pair of gloves (worn)
 N - the +0 cloak of Loss {MR+ Int-3 Dex+6, unknown}
   (You found it in a wizard's laboratory)

   It affects your intelligence (-3).
   It affects your dexterity (+6).
   It affects your resistance to hostile enchantments.
 R - a +1 cloak of magic resistance
Magical Staves
 a - an uncursed staff of conjuration (weapon)
Jewellery
 y - a ring of protection from magic (left hand)
 z - the amulet "Puipsuh" (around neck) {Reflect rF+ SH+5}
   (You bought it in a shop on level 15 of the Dungeon)

   [amulet of reflection]

   It shields you and reflects attacks.
   It protects you from fire.
   It affects your SH (+5).
 A - an uncursed ring of see invisible
 E - a +4 ring of evasion (right hand)
 P - an uncursed ring of poison resistance {unknown}
 Q - the ring "Quwkagez" {*Tele Dex+3, unknown}
   (You found it in a wizard's laboratory)

   [ring of teleportation]

   It may teleport you next to monsters.
   It affects your dexterity (+3).
Wands
 c - a wand of iceblast (10)
 m - a wand of acid (8)
 u - a wand of digging (8)
 v - a wand of paralysis (21)
Scrolls
 b - 8 scrolls of identify
 d - 22 scrolls of remove curse
 g - 6 scrolls of enchant weapon
 h - 11 scrolls of teleportation
 l - 4 scrolls of fog
 o - a scroll of fear
 w - a scroll of immolation
 C - 4 scrolls of enchant armour
 D - a scroll of torment
 H - a scroll of blinking
 I - a scroll of magic mapping
Potions
 f - 8 potions of heal wounds
 i - 5 potions of flight
 k - 2 potions of mutation
 n - 17 potions of curing
 r - 3 potions of ambrosia
 s - 2 potions of brilliance
 t - 2 potions of haste
 x - 6 potions of lignification
 B - 3 potions of might
 M - a potion of cancellation
 O - 3 potions of resistance


   Skills:
 - Level 10.0 Fighting
 + Level 9.2 Armour
 + Level 7.8 Dodging
 - Level 1.7 Stealth
 - Level 6.8 Shields
 + Level 13.7 Spellcasting
 + Level 14.3 Conjurations
 - Level 5.0 Necromancy
 + Level 10.9 Earth Magic
 - Level 10.0 Evocations


You had 24 spell levels left.
You knew the following spells:

 Your Spells              Type           Power        Failure   Level
a - Iron Shot             Conj/Erth      #######...   2%          6
b - Borgnjor's Vile Clut  Necr/Erth      ######....   2%          5
c - Orb of Destruction    Conj           ########..   6%          7

Your spell library contained the following spells:

 Spells                   Type           Power        Failure   Level
 Magic Dart               Conj           ####         0%          1
 Searing Ray              Conj           ######       0%          2
 Pain                     Necr           ####         1%          1
 Sandblast                Erth           ######       1%          1
 Corpse Rot               Necr/Air       N/A          1%          2
 Passwall                 Tmut/Erth      ######..     1%          2
 Sublimation of Blood     Necr           #####.....   1%          2
 Dazzling Flash           Conj/Hex       ######       1%          3
 Mephitic Cloud           Conj/Pois/Air  ######..     1%          3
 Static Discharge         Conj/Air       #######.     1%          3
 Stone Arrow              Conj/Erth      ######       1%          3
 Fulminant Prism          Conj/Hex       #######...   1%          4
 Iskenderun's Mystic Bla  Conj/Tloc      #######.     1%          4
 Iskenderun's Battlesphe  Conj           ########     1%          5
 Lee's Rapid Deconstruct  Erth           ######....   1%          5
 Apportation              Tloc           ###...       2%          1
 Corona                   Hex            ###....      2%          1
 Summon Small Mammal      Summ           ###.         2%          1
 Leda's Liquefaction      Hex/Erth       ######....   2%          4
 Petrify                  Tmut/Erth      ######..     2%          4
 Bolt of Magma            Conj/Fire/Erth #######...   2%          5
 Call Imp                 Summ           ###.....     3%          2
 Ensorcelled Hibernation  Hex/Ice        ###...       3%          2
 Slow                     Hex            ###.....     3%          2
 Fireball                 Conj/Fire      #######...   3%          5
 Lightning Bolt           Conj/Air       #######...   3%          5
 Call Canine Familiar     Summ           ###.....     8%          3
 Confusing Touch          Hex            ###.....     8%          3
 Gell's Gravitas          Tloc           ###.......   8%          3
 Inner Flame              Hex/Fire       ###.....     8%          3
 Lesser Beckoning         Tloc           ###.......   8%          3
 Portal Projectile        Hex/Tloc       ###...       8%          3
 Summon Guardian Golem    Hex/Summ       ###.....     8%          3
 Teleport Other           Tloc           ###.....     8%          3
 Tukima's Dance           Hex            ###.....     8%          3
 Excruciating Wounds      Necr           #####.....   9%          5
 Cause Fear               Hex            ###.......   26%         4
 Olgreb's Toxic Radiance  Pois           ###.....     26%         4
 Passage of Golubria      Tloc           N/A          26%         4
 Summon Ice Beast         Ice/Summ       ###.....     26%         4
 Summon Lightning Spire   Summ/Air       ###.....     26%         4
 Death Channel            Necr           #####.....   45%         6
 Metabolic Englaciation   Hex/Ice        ###.......   56%         5
 Summon Forest            Summ/Tloc      ###.......   56%         5
 Yara's Violent Unravell  Hex/Tmut       ###.......   56%         5
 Spellforged Servitor     Conj/Summ      #######...   75%         7
 Dispersal                Tloc           ###.......   98%         6
 Disjunction              Tloc           ###.......   100%        8


Dungeon Overview and Level Annotations

Branches:
Dungeon (15/15)            Temple (1/1) D:6            Lair (6/6) D:11
 Shoals (0/4) Lair:3        Snake (0/4) Lair:4        Slime (0/5) Lair:6
    Orc (2/2) D:10            Elf (2/3) Orc:2        Vaults (0/5) D:14
 Depths (0/5) D:15         Bailey (visited)           IceCv (visited)
 WizLab (visited)

Altars:
Ashenzari
Dithmenos
Fedhas
Gozag
Kikubaaqudgha
Makhleb
Qazlal
Ru
Sif Muna
Uskayaw
Wu Jian
Yredelemnul
Zin

Shops:
D:5 =   D:8 *   D:11 [:   D:12 [   D:15 *=[   Orc:1 [   Orc:2 (*:?   Elf:1 ?

Portals:
Pandemonium: Orc:2

Annotations:
D:11 exclusion: orange crystal statue
Lair:5 2 transporters, Libboc's ghost, journeyman DEFE
Orc:2 2 runed translucent doors, exclusion: orange crystal statue
Elf:1 2 transporters, Fixaar's ghost, adept DrVM


Innate Abilities, Weirdness & Mutations

You have hooves in place of feet.
You are mostly covered in large bone plates. (SH +6)
You may emit foul miasma when damaged in melee.
You regenerate health from kills.
You are immune to rotting.
Your system is resistant to poisons. (rPois)
You expend magic power (3 MP) to strengthen your wands.


Message History

The deep elf knight becomes distracted by your gold, dreaming of imaginary riches.
You take 29 damage, and have 45/122 hp.
MASSIVE DAMAGE!!
As you read the scroll of blinking, it crumbles to dust.
The deep elf archer shouts!
You hear a shout!
The +4 glaive of flaming becomes distracted by the nearby gold, dreaming of imaginary riches.
The deep elf knight shoots an arrow.
The arrow barely misses you.
The deep elf knight gestures at you while chanting.
The shard of ice hits you! You partially resist.
* * * LOW HITPOINT WARNING * * *
The deep elf archer blinks!
You take 14 damage, and have 31/122 hp.
The deep elf archer shoots an arrow.
The arrow barely misses the deep elf knight.
The arrow hits you!
* * * LOW HITPOINT WARNING * * *
The deep elf knight casts a spell at you.
The shard of ice hits you!! You partially resist.
You die...
Your body crumbles into a pile of gold.

##### ##*#..(#
##≈##@..## *#≈≈≈.....#
##≈≈#≈e..>§##
##≈≈###≈≈..#.##
#≈≈##.##≈e.##.##
****##≈≈#...#≈.$###.##
*,,,..e≈#.∩$(.e.#
##.##*##
**,....e(#...#$.##
##.##.##
*,,.>..≈≈##.##≈≈#
##+...##


You could see 2 deep elf archers, a deep elf knight (invisible) and a +4 glaive
of flaming.

Vanquished Creatures
  Jorgrun (D:13)
  An eldritch tentacle (WizLab)
  An Executioner (WizLab)
  A tentacled starspawn (WizLab)
  The ghost of Baam the Geomancer, an adept FoVM of Cheibriados (D:14)
  A daeva (D:13)
  An ironheart preserver (D:14)
  A deep elf annihilator (D:12)
  Josephine (Lair:4)
  A deep elf death mage (Elf:1)
  A fire dragon (Lair:6)
  Fannar (D:11)
  Erolcha (D:13)
  6 hydras
  2 catoblepae
  A rakshasa (D:14)
  3 centaur warriors
  2 ogre magi (D:15)
  19 two-headed ogres
  5 death yaks (Lair:4)
  8 orc high priests
  Urug (D:10)
  A soul eater (WizLab)
  5 deep elf knights
  A fire crab (Lair:4)
  A shadow wraith (WizLab)
  9 skeletal warriors
  An unseen horror (D:14)
  A sixfirhy (Orc:2)
  A gelid demonspawn (Orc:2)
  A swamp dragon (Lair:6)
  An infernal demonspawn (Orc:2)
  A glowing orange brain (WizLab)
  A wizard (WizLab)
  A necromancer (Elf:1)
  3 deep elf archers (Elf:1)
  Pikel (D:6)
  A manticore (shapeshifter) (Elf:1)
  12 ugly things
  An obsidian statue (WizLab)
  9 orc sorcerers
  3 cyclopes
  6 orc knights
  25 deep elf magi
  4 elephants (Lair:6)
  2 worldbinders (WizLab)
  2 manticores
  Maurice (Orc:1)
  4 centaur zombies
  A rust devil (Orc:2)
  Joseph (D:7)
  2 fire giant skeletons (WizLab)
  A naga mage (D:15)
  3 smoke demons
  8 black mambas
  2 ice statues (IceCv)
  12 cane toads
  A gargoyle (D:11)
  4 rime drakes
  A guardian serpent (shapeshifter) (D:14)
  A hellion (WizLab)
  2 efreet (WizLab)
  A freezing wraith (D:14)
  10 ice devils (IceCv)
  5 komodo dragons
  A demonic crawler (WizLab)
  3 merfolk (Lair:3)
  A merfolk (shapeshifter) (D:15)
  2 polar bears (Lair:4)
  3 trolls
  4 large abominations (Elf:1)
  A hornet (D:14)
  32 blink frogs
  13 dream sheep
  9 hippogriffs
  2 shadows
  4 water elementals
  3 air elementals
  2 wyverns
  5 wraiths
  A ynoxinul (Orc:2)
  5 basilisks
  14 yaks
  3 chaos spawn
  9 vampire mosquitoes
  2 nagas (Lair:4)
  4 spatial vortices (WizLab)
  2 insubstantial wisps (WizLab)
  3 wargs
  4 acid dragons
  A soldier ant (D:14)
  Duvessa (D:6)
  10 porcupines
  15 water moccasins
  38 orc warriors
  A swamp drake (Lair:6)
  A monstrous demonspawn skeleton (WizLab)
  3 sky beasts
  3 black bears
  4 phantoms
  8 ice beasts (Lair:3)
  A necrophage (D:9)
  4 wolves (Lair:3)
  23 ogres
  15 centaurs
  19 crocodiles
  2 lemures (D:6)
  4 big kobolds
  3 elf zombies (Elf:1)
  2 small abominations (WizLab)
  A gnoll sergeant (D:9)
  11 bullfrogs
  4 earth elementals
  A water moccasin zombie (D:12)
  Dowan (D:6)
  4 scorpions
  25 wights
  18 killer bees
  5 electric eels
  5 howler monkeys
  A crimson imp (WizLab)
  A quasit (D:11)
  2 bullfrog zombies
  5 hounds
  5 centaur skeletons
  A bullfrog skeleton (D:6)
  22 orc priests
  5 jellies
  5 iguanas
  Terence (D:2)
  Crazy Yiuf (D:7)
  2 hell rats (Lair:5)
  17 orc wizards
  13 worker ants
  2 hound zombies
  A hound skeleton (D:5)
  A worker ant zombie (D:5)
  A howler monkey zombie (D:3)
  10 gnolls
  10 river rats (Lair:5)
  18 adders
  3 shadow imps
  5 white imps
  3 oozes (D:1)
  10 ufetubi
  3 adder skeletons
  3 worms
  A dart slug (D:3)
  6 leopard geckos
  72 orcs
  2 ball pythons
  9 bats
  9 giant cockroaches
  8 goblins
  9 hobgoblins
  3 jackals
  4 quokkas
  5 frilled lizards
  45 kobolds
  A quokka skeleton (D:4)
  12 rats
  2 starspawn tentacles (WizLab)
918 creatures vanquished.

Vanquished Creatures (others)
  A reaper (IceCv)
  9 dancing weapons
  A blink frog (WizLab)
  A water moccasin (Lair:4)
  2 white imps (IceCv)
  7 ufetubi (IceCv)
  80 fulminant prisms
  74 fungi
  124 plants
299 creatures vanquished.

Grand Total: 1217 creatures vanquished

Notes
Turn   | Place    | Note
-------+----------+-------------------------------------------
     0 | D:1      | Tenar the Demonspawn Conjurer began the quest for the Orb.
     0 | D:1      | Reached XP level 1. HP: 13/13 MP: 3/3
   363 | D:1      | Gained mutation: You are immune to rotting. [demonic
                  | ancestry]
   363 | D:1      | Reached XP level 2. HP: 19/19 MP: 3/5
   719 | D:1      | Gained mutation: You are partially covered in large bone
                  | plates. (SH +4) [demonic ancestry]
   719 | D:1      | Reached XP level 3. HP: 20/24 MP: 0/7
   723 | D:1      | Learned a level 2 spell: Searing Ray
  1767 | D:2      | Reached XP level 4. HP: 26/30 MP: 5/8
  1869 | D:2      | Learned a level 4 spell: Fulminant Prism
  2048 | D:2      | Noticed Terence
  2072 | D:2      | Killed Terence
  2072 | D:2      | Reached skill level 5 in Conjurations
  2451 | D:3      | Reached XP level 5. HP: 35/35 MP: 0/10
  3200 | D:3      | Gained mutation: You have large cloven feet. [demonic
                  | ancestry]
  3200 | D:3      | Reached XP level 6. HP: 41/41 MP: 8/12
  3797 | D:4      | Reached skill level 6 in Conjurations
  4332 | D:4      | Noticed a hippogriff
  4338 | D:4      | Killed a hippogriff
  4338 | D:4      | Reached skill level 1 in Fighting
  4338 | D:4      | Reached skill level 1 in Evocations
  4546 | D:4      | Gained mutation: You regenerate a little health from kills.
                  | [demonic ancestry]
  4546 | D:4      | Reached XP level 7. HP: 48/48 MP: 11/14
  4748 | D:4      | Reached skill level 5 in Spellcasting
  5026 | D:5      | Entered Level 5 of the Dungeon
  5232 | D:5      | Found a glowing silver altar of Zin.
  5236 | D:5      | Found a hide-covered altar of Uskayaw.
  5411 | D:5      | Found Weeth's Jewellery Shoppe.
  5420 | D:5      | Found an ancient bone altar of Kikubaaqudgha.
  5979 | D:5      | Reached skill level 7 in Conjurations
  5979 | D:5      | Gained mutation: You have hoof-like feet. [demonic
                  | ancestry]
  5979 | D:5      | Reached XP level 8. HP: 52/58 MP: 11/16
  6730 | D:6      | Noticed Pikel
  6749 | D:6      | Killed Pikel
  7033 | D:6      | Reached XP level 9. HP: 60/66 MP: 11/18
  7081 | D:6      | Reached skill level 8 in Conjurations
  7268 | D:6      | Found a staircase to the Ecumenical Temple.
  7280 | Temple   | Entered the Ecumenical Temple
  7351 | Temple   | Became a worshipper of Gozag Ym Sagoz the Greedy
  7494 | D:6      | Reached skill level 5 in Evocations
  7570 | D:6      | Noticed Duvessa
  7570 | D:6      | Noticed Dowan
  7577 | D:6      | Killed Dowan
  7577 | D:6      | Reached skill level 5 in Fighting
  7579 | D:6      | Killed Duvessa
  9241 | D:7      | Found a runed translucent door.
  9242 | D:7      | Noticed Crazy Yiuf
  9249 | D:7      | Killed Crazy Yiuf
  9390 | D:7      | Noticed Joseph
  9398 | D:7      | Killed Joseph
  9797 | D:8      | Found Iwurch's Assorted Antiques.
  9799 | D:8      | Reached skill level 9 in Conjurations
  9799 | D:8      | Gained mutation: You regenerate health from kills. [demonic
                  | ancestry]
  9799 | D:8      | Reached XP level 10. HP: 51/76 MP: 8/21
  9954 | D:8      | Bought a scroll of identify for 60 gold pieces
 10178 | D:8      | Found a blossoming altar of Fedhas.
 11155 | D:9      | Noticed a two-headed ogre
 11479 | D:9      | Killed a two-headed ogre
 12089 | D:10     | Entered Level 10 of the Dungeon
 12184 | D:10     | Noticed a two-headed ogre
 12508 | D:10     | Found a flagged portal.
 12512 | D:10     | Found a staircase to the Orcish Mines.
 12517 | Bailey   | Entered a bailey
 12662 | Bailey   | Reached skill level 1 in Shields
 12854 | Bailey   | Identified the Incunabulum of Circular Logic
 12870 | Bailey   | Got a twisted leather armour
 13005 | D:10     | Noticed a cyclops
 13013 | D:10     | Killed a cyclops
 13153 | D:10     | Identified the +1 leather armour of Woehynn {rF++ MR-
                  | Str+4} (You found it in a bailey)
 13457 | D:10     | Reached skill level 10 in Conjurations
 13559 | D:10     | Killed a two-headed ogre
 13559 | D:10     | Gained mutation: You are mostly covered in large bone
                  | plates. (SH +6) [demonic ancestry]
 13559 | D:10     | Reached XP level 11. HP: 60/84 MP: 1/23
 13822 | D:10     | Noticed Urug
 13841 | D:10     | Killed Urug
 14293 | D:11     | Noticed a two-headed ogre
 14300 | D:11     | Killed a two-headed ogre
 14314 | D:11     | Noticed a two-headed ogre
 14320 | D:11     | Killed a two-headed ogre
 14512 | D:11     | Noticed a two-headed ogre
 14519 | D:11     | Killed a two-headed ogre
 15104 | D:11     | Found a staircase to the Lair.
 15274 | D:11     | Noticed a two-headed ogre
 15284 | D:11     | Killed a two-headed ogre
 15740 | D:11     | Got a brightly glowing buckler
 15751 | D:11     | Identified the +0 buckler of Viyrep {Int+4} (You found it
                  | on level 11 of the Dungeon)
 15787 | D:11     | Noticed Fannar
 15801 | D:11     | Killed Fannar
 15801 | D:11     | Reached skill level 11 in Conjurations
 15906 | D:11     | Noticed an orange crystal statue
 15986 | D:11     | Noticed a green ugly thing
 16002 | D:11     | Killed a green ugly thing
 16034 | D:11     | Noticed a seven-headed hydra
 16466 | D:11     | Bought a glowing helmet for 202 gold pieces
 16474 | D:11     | Bought a book of Power for 765 gold pieces
 16483 | D:11     | Learned a level 6 spell: Iron Shot
 16525 | Lair:1   | Entered Level 1 of the Lair of Beasts
 16619 | Lair:1   | Gained mutation: You may emit foul miasma when damaged in
                  | melee. [demonic ancestry]
 16619 | Lair:1   | Reached XP level 12. HP: 91/91 MP: 20/25
 16745 | Lair:1   | Reached skill level 5 in Shields
 16820 | Lair:1   | Reached skill level 1 in Earth Magic
 17595 | Lair:2   | Reached skill level 10 in Spellcasting
 18344 | Lair:3   | Found a frozen archway.
 18477 | IceCv    | Entered an ice cave
 18621 | IceCv    | Killed a reaper
 18928 | IceCv    | Reached skill level 10 in Evocations
 19470 | Lair:3   | Noticed a six-headed hydra
 19478 | Lair:3   | Killed a six-headed hydra
 19724 | Lair:3   | Reached skill level 5 in Earth Magic
 20849 | Lair:3   | Found a staircase to the Shoals.
 21264 | Lair:4   | Reached XP level 13. HP: 98/98 MP: 27/27
 21295 | Lair:4   | Found a staircase to the Snake Pit.
 21465 | Lair:4   | Noticed Josephine
 21480 | Lair:4   | Killed Josephine
 21774 | Lair:4   | Reached skill level 12 in Conjurations
 22452 | Lair:5   | Got a warped ring mail
 22463 | Lair:5   | Identified the +3 ring mail "Vovef" {*Slow Str+4 Int+3}
                  | (You found it on level 5 of the Lair of Beasts)
 22893 | Lair:4   | Reached skill level 1 in Armour
 24614 | Lair:5   | Found a transporter.
 24621 | Lair:5   | Noticed Libboc's ghost (journeyman DEFE)
 24714 | Lair:5   | Found a transporter.
 25052 | Lair:6   | Entered Level 6 of the Lair of Beasts
 25157 | Lair:6   | Learned a level 7 spell: Orb of Destruction
 25163 | Lair:6   | Learned a level 5 spell: Borgnjor's Vile Clutch
 25503 | Lair:6   | Found a staircase to the Slime Pits.
 25532 | Lair:6   | Reached skill level 1 in Necromancy
 25541 | Lair:6   | Got a shimmering fustibalus
 25916 | Lair:6   | Reached XP level 14. HP: 88/108 MP: 15/29
 27977 | Orc:1    | Entered Level 1 of the Orcish Mines
 28003 | Orc:1    | Noticed Maurice
 28090 | Orc:1    | Killed Maurice
 28243 | Orc:1    | Found Xaenig's Antique Armour Shop.
 28549 | Orc:2    | Entered Level 2 of the Orcish Mines
 28549 | Orc:2    | Found a runed translucent door.
 28552 | Orc:2    | Found the +10 tower shield of Ignorance {rN+ Int-4}
 28591 | Orc:2    | Found a runed translucent door.
 28761 | Orc:2    | Found Mevycs's Magic Scroll Emporium.
 28776 | Orc:2    | Found Elismat's General Store.
 28989 | Orc:2    | Bought a scroll of fog for 30 gold pieces
 28991 | Orc:2    | Bought a scroll of amnesia for 38 gold pieces
 29198 | Orc:2    | Found a staircase to the Elven Halls.
 29437 | Orc:2    | Reached skill level 5 in Armour
 29541 | Orc:2    | Reached skill level 10 in Fighting
 29959 | Orc:2    | Reached skill level 5 in Necromancy
 30840 | Orc:2    | Found Foiqail's Antique Weapon Shop.
 30840 | Orc:2    | Found Feugar's Book Boutique.
 30840 | Orc:2    | Found a one-way gate leading to the halls of Pandemonium.
 31332 | D:12     | Found Posyr's Armour Shop.
 31728 | D:12     | Got a faintly glowing glaive
 31934 | D:12     | Reached XP level 15. HP: 115/115 MP: 12/31
 31950 | D:12     | Identified the Volume of the Entourage and Confrontation
 32631 | D:13     | Noticed Jorgrun
 32979 | D:13     | Killed Jorgrun
 33148 | D:13     | Noticed Erolcha
 33152 | D:13     | Killed Erolcha
 33430 | D:13     | Found a glowing silver altar of Zin.
 33430 | D:13     | Found a runed translucent door.
 33430 | D:13     | Noticed a daeva
 33669 | D:13     | Killed a daeva
 34042 | D:14     | Found a gate to the Vaults.
 34323 | D:14     | Reached skill level 13 in Conjurations
 35783 | D:14     | Reached skill level 5 in Dodging
 36413 | D:14     | Found a runed translucent door.
 36413 | D:14     | Noticed Baam's ghost (adept FoVM)
 36452 | D:14     | Killed Baam's ghost
 36665 | D:15     | Entered Level 15 of the Dungeon
 38387 | D:15     | Gained mutation: You have hooves in place of feet. [demonic
                  | ancestry]
 38387 | D:15     | Reached XP level 16. HP: 122/122 MP: 30/33
 38887 | D:15     | Found a staircase to the Depths.
 38910 | D:15     | Reached skill level 10 in Earth Magic
 39218 | D:15     | Bought the amulet "Puipsuh" {Reflect rF+ SH+5} for 616 gold
                  | pieces
 39461 | Elf:1    | Entered Level 1 of the Elven Halls
 39473 | Elf:1    | Gained mutation: Potions are less effective at restoring
                  | your health. [a neqoxec]
 39694 | Elf:1    | Found Ado Eck's Magic Scroll Boutique.
 39716 | Elf:1    | Lost mutation: Potions are less effective at restoring your
                  | health. [potion of mutation]
 39716 | Elf:1    | Gained mutation: Scrolls take you a little longer to read.
                  | [potion of mutation]
 39716 | Elf:1    | Gained mutation: You have very sharp teeth. [potion of
                  | mutation]
 39717 | Elf:1    | Lost mutation: Scrolls take you a little longer to read.
                  | [potion of mutation]
 39717 | Elf:1    | Lost mutation: You have very sharp teeth. [potion of
                  | mutation]
 39717 | Elf:1    | Gained mutation: You expend magic power (3 MP) to
                  | strengthen your wands. [potion of mutation]
 39717 | Elf:1    | Gained mutation: Your system is resistant to poisons.
                  | (rPois) [potion of mutation]
 39721 | Elf:1    | Bought a scroll of blinking for 127 gold pieces
 39721 | Elf:1    | Bought a scroll of blinking for 127 gold pieces
 39721 | Elf:1    | Bought a scroll of noise for 17 gold pieces
 39721 | Elf:1    | Bought a scroll of torment for 127 gold pieces
 39721 | Elf:1    | Bought a scroll of vulnerability for 127 gold pieces
 40448 | Elf:1    | Identified the Reference Book on Evil
 40716 | Elf:1    | Noticed a tentacled monstrosity
 40724 | Elf:1    | Found a transporter.
 40724 | Elf:1    | Found a one-way gate to the infinite horrors of the Abyss.
 40724 | Elf:1    | Noticed Fixaar's ghost (adept DrVM)
 40725 | Elf:1    | Found a transporter.
 40803 | Elf:1    | Identified the +1 scimitar of Noben {distort, SInv}
 41297 | Elf:1    | Got a shimmering leather armour
 41308 | Elf:1    | Identified the cursed +1 leather armour of Puqam {+Fly
                  | rCorr Str+3 Dex-2} (You found it on level 1 of the Elven
                  | Halls)
 41553 | Elf:2    | Reached skill level 14 in Conjurations
 42014 | Elf:2    | Found a magical portal.
 42020 | WizLab   | Entered The Roulette of Golubria
 42020 | WizLab   | Found a transporter.
 42184 | WizLab   | Found a corrupted altar of Lugonu.
 42497 | WizLab   | Found a transporter.
 42507 | WizLab   | Found a corrupted altar of Lugonu.
 42641 | WizLab   | Found a corrupted altar of Lugonu.
 42718 | WizLab   | Found a transporter.
 42759 | WizLab   | Found a transporter.
 42759 | WizLab   | Found a transporter.
 42875 | WizLab   | Found a transporter.
 42879 | WizLab   | Noticed an Executioner
 42922 | WizLab   | Found a transporter.
 42924 | WizLab   | Killed an Executioner
 43077 | WizLab   | Found a transporter.
 43077 | WizLab   | Found a transporter.
 43188 | WizLab   | Noticed a tentacled starspawn
 43188 | WizLab   | Found a transporter.
 43188 | WizLab   | Found a transporter.
 43191 | WizLab   | Killed a tentacled starspawn
 43318 | WizLab   | Found a transporter.
 43318 | WizLab   | Found a transporter.
 43467 | WizLab   | Found a transporter.
 43467 | WizLab   | Found a transporter.
 43635 | WizLab   | Found a transporter.
 43672 | WizLab   | Found a transporter.
 43672 | WizLab   | Found a transporter.
 43869 | WizLab   | Got a fading cloak
 43875 | WizLab   | Got a distressingly furry cloak
 43876 | WizLab   | Found a transporter.
 43877 | WizLab   | Identified Golubria's Reference Book on Dislocation
 43887 | WizLab   | Found a transporter.
 43897 | WizLab   | Got a translucent jade ring
 44105 | Elf:2    | Killed from afar by a deep elf knight

Illustrated notes

Levels and vault maps discovered:
D:1:      eino_arrival_cavern_c, layout_basic
D:2:      layout_basic, uniq_terence
D:3:      layout_loops_corners, serial_bayou_lake_a
D:4:      layout_basic
D:5:      kennysheep_six_static_rooms, layout_basic,
          nicolae_overflow_hidden_temple, serial_shops, shop,
          minmay_misc_feat_four_crosses, guppyfry_early_lair_pool
D:6:      wander_river, layout_basic, minmay_temple_entry_arrows, uniq_duvessa,
          uniq_pikel
D:7:      layout_loops_cross, uniq_joseph, uniq_crazy_yiuf_cottage
D:8:      layout_loops_cross, fedhas_altar_3, serial_shops,
          nicolae_shop_overgrown_old_shop
D:9:      layout_cave_pods
D:10:     layout_rooms, orc_0_dummy, enter_bailey_2, serial_co_window_serial,
          co_window_corner_a, co_window_of_opportunity_a, co_window_paths_b,
          co_window_paths_a, co_window_corner_a, co_window_broadway_b,
          co_window_unsneaky_path_b, co_window_of_opportunity_b,
          co_window_2corner, co_window_paths_c, co_window_broadway_a,
          co_window_paths_c, co_window_4corner_b, lightli_minifort, uniq_urug
D:11:     layout_stronghold, due_lair_maze_entry_diamond, serial_glass,
          glass_columns_a, glass_columns_b, glass_columns_a, glass_columns_b,
          minmay_statue_bubble, uniq_fannar
D:12:     cheibrodos_wizards_tower, layout_cave_pods, serial_shops, shop,
          kennysheep_generic_room_11
D:13:     layout_rooms, lemuel_angel_altar, uniq_jorgrun, uniq_erolcha
D:14:     layout_basic, skrybe_vaults_entry_preservation, gammafunk_ghost_grave,
          serial_park_avenue1
D:15:     grunt_enter_depths_magical_seal, layout_basic,
          hangedman_abyss_or_decor_stagger
Temple:   dpeg_five_rooms_temple
Lair:1:   layout_misc_corridors, nicolae_quartered_pool_super,
          grunt_megastairs_4, infiniplex_staircase_pool
Lair:2:   layout_loops_ring
Lair:3:   layout_regular_city, elwin_shoals_entry_stream,
          portal_ice_cave_entry_ice_beasts, st_stairs_13, serial_bayou_lagoon_b
Lair:4:   layout_gridlike, guppyfry_snake_entry_island, serial_bayou_shore_b,
          uniq_josephine
Lair:5:   layout_long_grid, gammafunk_ghost_arena, kennysheep_rathole,
          lemuel_fruit_tree
Lair:6:   guppyfry_lair_end_dragon, layout_concentric_octagons, slime_dummy,
          minmay_shattered_shrine
Orc:1:    layout_caves, serial_shops, shop, uniq_maurice
Orc:2:    pf_orc_diabolical, layout_diamond_mine,
          chequers_guarded_unrand_ignorance
Elf:1:    minmay_elf_arrival_circle, layout_loops_corners,
          gammafunk_ghost_abyssal_escape, serial_shops, shop,
          minmay_elf_necromancy
Elf:2:    layout_geoelf_diagonals, mu_enter_wizlab_1, evilmike_ambush
          [evilmike_ambush_outer_basic, evilmike_ambush_inner_cross]

Skill      XL: |  1  2  3  4  5  6  7  8  9 10 11 12 13 14 15 16 |
---------------+-------------------------------------------------+-----
Spellcasting   | 3 4 5 6 7 8 9 10 11 12 13 | 13.7
Conjurations   | 5 6 7 9 10 11 12 13 14 | 14.3
Fighting       | 1 3 4 6 7 9 10 | 10.0
Evocations     | 1 3 4 6 7 9 10 | 10.0
Shields        | 2 4 6 |  6.8
Earth Magic    | 5 6 8 9 10 | 10.9
Armour         | 3 6 7 9 |  9.2
Necromancy     | 2 5 |  5.0
Dodging        | 3 6 7 |  7.8
Stealth        | |  1.7

Action                   |  1- 3 |  4- 6 |  7- 9 | 10-12 | 13-15 | 16-18 || total
-------------------------+-------+-------+-------+-------+-------+-------++-------
Melee: Unarmed           |     1 |       |       |       |       |       ||     1
       Short sword       |    21 |     1 |       |       |       |       ||    22
       Dagger            |       |    26 |       |       |       |       ||    26
       Kick              |       |     3 |     9 |    35 |     1 |    53 ||   101
       Staff             |       |       |    57 |   192 |   888 |   209 ||  1346
       Demon whip        |       |       |       |    39 |    45 |       ||    84
Throw: Throwing net      |       |       |       |     1 |       |       ||     1
 Cast: Magic Dart        |    80 |    60 |   159 |   107 |     7 |       ||   413
       Searing Ray       |       |    13 |    43 |   127 |    30 |       ||   213
       Fulminant Prism   |       |       |     4 |    63 |    13 |       ||    80
       Iron Shot         |       |       |       |       |   197 |   100 ||   297
       Borgnjor's Vile C |       |       |       |       |    77 |    24 ||   101
       Orb of Destructio |       |       |       |       |       |     3 ||     3
Invok: Call Merchant     |       |       |       |     2 |       |     3 ||     5
       Potion Petition   |       |       |       |       |       |     1 ||     1
Evoke: Wand              |       |       |       |     7 |     5 |     5 ||    17
  Use: Scroll            |       |     2 |     9 |    14 |     7 |     6 ||    38
       Potion            |       |       |       |     2 |     5 |     5 ||    12
 Stab: Sleeping          |       |     2 |     1 |       |     4 |       ||     7
       Paralysed         |       |       |       |     3 |     8 |       ||    11
       Distracted        |       |       |       |     1 |     2 |       ||     3
Armor: Robe              |    11 |     9 |    51 |    61 |   201 |    24 ||   357
       Leather armour    |       |       |       |    81 |    19 |       ||   100
Dodge: Dodged            |    28 |    26 |    84 |   367 |   652 |   140 ||  1297
Block: Other             |    12 |     4 |    24 |    50 |       |       ||    90
       Kite shield       |       |       |       |    45 |       |       ||    45
       Buckler           |       |       |       |   210 |  1155 |   209 ||  1574
       Reflection        |       |       |       |     8 |    41 |    19 ||    68

Table legend: (Time is in decaauts)
 A = Elapsed time spent in this place.
 B = Non-inter-level travel time spent in this place.
 C = Inter-level travel time spent in this place.
 D = Time resting spent in this place.
 E = Time spent auto-exploring this place.
 F = Levels seen in this place.
 G = Mean time per level.
                   A        B        C        D        E       F      G
               +--------+--------+--------+--------+--------+-----+--------+
         Total |  44504 |  43125 |   1379 |      0 |  34650 |  29 | 1534.6 |
       Dungeon |  24640 |  23962 |    678 |      0 |  20021 |  15 | 1642.7 |
        Temple |    137 |     66 |     71 |      0 |     64 |   1 |  137.0 |
          Lair |  10721 |  10377 |    344 |      0 |   8548 |   6 | 1786.8 |
  Orcish Mines |   3105 |   2940 |    165 |      0 |   2198 |   2 | 1552.5 |
   Elven Halls |   2592 |   2471 |    121 |      0 |   1805 |   2 | 1296.0 |
        Bailey |    438 |    438 |      0 |      0 |    237 |   1 |  438.0 |
      Ice Cave |    824 |    824 |      0 |      0 |    257 |   1 |  824.0 |
        Wizlab |   2044 |   2044 |      0 |      0 |   1518 |   1 | 2044.0 |
               +--------+--------+--------+--------+--------+-----+--------+

Top non-repeatable levels by time:
  Lair:6: 2896 daAuts
  Lair:4: 2841 daAuts
   Elf:1: 2453 daAuts
    D:14: 2452 daAuts
    D:15: 2379 daAuts
    D:10: 2306 daAuts
   Orc:2: 2210 daAuts
  WizLab: 2044 daAuts
    D:11: 1897 daAuts
  Lair:3: 1892 daAuts
    D:13: 1885 daAuts
    D:12: 1727 daAuts
     D:6: 1659 daAuts
     D:7: 1479 daAuts
     D:5: 1454 daAuts
